 Dungeon Sprint DCSS version 0.21.1-1-g345015f (webtiles) character file.

179 wojtek the Cleaver (level 5, 0/76 HPs)
             Began as a Minotaur Berserker on Feb 9, 2018.
             Was an Elder of Trog.
             Slain by a sixfirhy (7 damage)
             ... summoned by a deep elf mage
             ... in the Dungeon (Sprint III: "The Ten Rune Challenge").
             The game lasted 00:01:16 (278 turns).

wojtek the Cleaver (Minotaur Berserker)              Turns: 278, Time: 00:01:16

Health: 0/76       AC:  3    Str: 28    XL:     5   Next: 33%
Magic:  4/4        EV: 14    Int:  4    God:    Trog [****..]
Gold:   16         SH:  0    Dex:  9    Spells: 4/4 levels left

rFire    . . .     SeeInvis .   a - +0 hand axe
rCold    . . .     Gourm    .   (no shield)
rNeg     . . .     Faith    .   b - +0 animal skin
rPois    .         Spirit   .   (helmet restricted)
rElec    .         Reflect  .   m - +0 cloak (curse)
rCorr    .         Harm     .   (no gloves)
MR       .....     NoTele   +   (no boots)
Stlth    ..........             (no amulet)
HPRegen  0.22/turn              (no ring)
MPRegen  0.09/turn              (no ring)

@: berserking, drained, very quick
A: retaliatory headbutt, horns 2
a: Berserk, Trog's Hand, Brothers in Arms, Burn Spellbooks, Renounce Religion


You were in the Dungeon.
You worshipped Trog.
Trog was greatly pleased with you.
You were hungry.

You visited 1 branch You collected 16 gold pieces.

Inventory:

Hand Weapons
 a - a +0 hand axe (weapon)
Armour
 b - a +0 animal skin (worn)
 m - a cursed +0 cloak (worn)
Wands
 k - a wand of digging (11)
Scrolls
 i - a scroll of blinking
 j - 3 scrolls of identify {unknown}
 o - a scroll of torment {unknown}
 p - 4 scrolls of remove curse
 q - a scroll of holy word {unknown}
Potions
 d - a potion of curing
 e - a potion of heal wounds
 f - a potion of haste
 g - 2 potions of magic
 h - 2 potions of berserk rage
 n - 5 potions of mutation {unknown}
 r - 2 potions of flight
Books
 t - a book of Burglary

   Spells                             Type                      Level
   a - Swiftness                      Charms/Air                   2
   b - Passwall                       Transmutation/Earth          2
   c - Passage of Golubria            Translocation                4
   d - Lee's Rapid Deconstruction     Earth                        5
   e - Darkness                       Hexes                        6
   f - Invisibility                   Hexes                        6
   Trog disapproves of the use of such an item.
Comestibles
 c - 3 rations
 l - 5 chunks of flesh


   Skills:
 + Level 6.9(6.4) Fighting
 * Level 9.1(8.6) Axes
 + Level 6.3(5.8) Armour
 + Level 5.7(5.2) Dodging


You had 4 spell levels left.
You didn't know any spells.

Dungeon Overview and Level Annotations

Branches:
Dungeon (1/1)

Altars:
Elyvilon
Kikubaaqudgha
Sif Muna
Vehumet
Zin
The Shining One


Innate Abilities, Weirdness & Mutations

You reflexively headbutt those who attack you in melee.
You have a pair of horns on your head.


Message History

The orange demon closely misses you.
There is an open door to the Ecumenical Temple here.
You start resting.
A sixfirhy comes into view.
You start resting.
The sixfirhy hits you. The sixfirhy shocks you!
You barely miss the sixfirhy. The sixfirhy hits you. The sixfirhy shocks you!
* * * LOW HITPOINT WARNING * * *
The deep elf mage gestures wildly while chanting.
The deep elf mage blinks!
The orange demon barely misses you. The orange demon closely misses you.
A red film seems to cover your vision as you go berserk!
You feel yourself moving faster!
You feel mighty!
You are feeling hungry.
The sixfirhy barely misses you. x2; The sixfirhy hits you.
* * * LOW HITPOINT WARNING * * *
The sixfirhy shocks you!
* * * LOW HITPOINT WARNING * * *
The sixfirhy hits you!
You die...

▓▓▓▓▓▓▓▓ ▓▓▓ <..#...####
##.#####
...#......#####..#__e#
..##.......#..#..#..4#
##.##.##...#..#..###'#+###+
##.##.###..##'#.3#..........
#.####.##..###..@4e⌠........
.###..##..####...#...######+
#.....##..###....#.⌠.#
###..##.[.##.....#...#
##..##....#.)....#'###
#..###..##.#.....#)).# #).#
#..#####....#___# ▓▓▓▓ ▓▓▓▓
▓▓▓▓▓▓▓▓▓▓


You could see an orange demon, a deep elf mage and a sixfirhy.

Vanquished Creatures
  A water elemental (D)
  Crazy Yiuf (D)
  A wizard (D)
  Jessica (D)
  A human (D)
  A kobold demonologist (D)
  2 oozes (D)
  A rat (D)
9 creatures vanquished.

Vanquished Creatures (others)
  2 draconian scorchers (D)
  6 hellions (D)
  A yaktaur (D)
9 creatures vanquished.

Grand Total: 18 creatures vanquished

Notes
Turn   | Place    | Note
-------+----------+-------------------------------------------
     0 | D        | wojtek the Minotaur Berserker began the quest for the Orb.
     0 | D        | Reached XP level 1. HP: 19/19 MP: 0/0
     8 | D        | Reached skill level 4 in Axes
    12 | D        | Reached XP level 2. HP: 22/27 MP: 1/1
    29 | D        | Reached ** piety under Trog
    46 | D        | Killed a yaktaur
    66 | D        | Noticed Jessica
    74 | D        | Killed Jessica
    74 | D        | Reached skill level 5 in Fighting
    74 | D        | Reached skill level 6 in Axes
    74 | D        | Reached XP level 3. HP: 31/36 MP: 2/2
    91 | D        | Killed a hellion
    92 | D        | Killed a hellion
    93 | D        | Killed a hellion
    93 | D        | Killed a hellion
    94 | D        | Killed a hellion
   114 | D        | Noticed Crazy Yiuf
   122 | D        | Killed Crazy Yiuf
   127 | D        | Reached *** piety under Trog
   127 | D        | Reached skill level 7 in Axes
   127 | D        | Reached skill level 5 in Armour
   127 | D        | Reached XP level 4. HP: 37/44 MP: 3/3
   160 | D        | Noticed a water elemental
   162 | D        | Killed a water elemental
   162 | D        | Reached skill level 8 in Axes
   162 | D        | Reached skill level 5 in Dodging
   162 | D        | Reached XP level 5. HP: 51/51 MP: 4/4
   191 | D        | Killed a white draconian scorcher
   198 | D        | Found a radiant altar of Vehumet.
   199 | D        | Found a deep blue altar of Sif Muna.
   199 | D        | Found an ancient bone altar of Kikubaaqudgha.
   203 | D        | Reached **** piety under Trog
   203 | D        | Reached skill level 9 in Axes
   217 | D        | Killed a white draconian scorcher
   232 | D        | Killed a hellion
   253 | D        | Found a glowing silver altar of Zin.
   254 | D        | Found a glowing golden altar of the Shining One.
   254 | D        | Found a white marble altar of Elyvilon.
   254 | D        | Noticed a deep elf mage
   267 | D        | Noticed an orange demon
   272 | D        | Noticed a sixfirhy
   278 | D        | Slain by a sixfirhy

Skill      XL: |  1  2  3  4  5 |
---------------+----------------+-----
Fighting       | 4 5 6 |  6.9
Axes           | 4 6 7 8 9 |  9.1
Armour         | 3 4 5 6 |  6.3
Dodging        | 3 4 5 |  5.7

Action                   |  1- 3 |  4- 6 || total
-------------------------+-------+-------++-------
Melee: Hand axe          |    16 |     7 ||    23
       Headbutt          |     4 |     2 ||     6
Invok: Berserk           |     1 |     2 ||     3
       Burn Spellbooks   |       |     1 ||     1
 Stab: Sleeping          |     1 |       ||     1
Armor: Animal skin       |     1 |     1 ||     2
Dodge: Dodged            |    13 |     6 ||    19
